 Dungeon Crawl Stone Soup version 0.20-a0-370-gd6af2a4 (webtiles) character file.

85 Faca the Slasher (level 4, -11/41 HPs)
             Began as a Minotaur Berserker on Dec 27, 2016.
             Was a Believer of Trog.
             Killed from afar by an orc wizard (12 damage)
             ... with a puff of flame
             ... on level 3 of the Dungeon on Dec 28, 2016.
             The game lasted 00:06:29 (1481 turns).

Faca the Slasher (Minotaur Berserker)               Turns: 1481, Time: 00:06:31

Health: -11/41     AC:  5    Str: 22    XL:     4   Next: 25%
Magic:  3/3        EV: 12    Int:  4    God:    Trog [**....]
Gold:   62         SH:  0    Dex: 10    Spells: 3/3 levels left

rFire  . . .     SeeInvis .     a - +0 falchion
rCold  . . .     Gourm    .     m - +0 leather armour
rNeg   . . .     Faith    .     (no shield)
rPois  .         Spirit   .     (helmet restricted)
rElec  .         Reflect  .     (no cloak)
rCorr  .         Harm     .     l - +1 pair of gloves
MR     .....                    (no boots)
Stlth  +.........               (no amulet)
                                (no ring)
                                (no ring)

@: lethally poisoned (-11 -> -13)
A: retaliatory headbutt, horns 2
a: Berserk, Trog's Hand, Burn Spellbooks, Renounce Religion


You were on level 3 of the Dungeon.
You worshipped Trog.
Trog was pleased with you.
You were not hungry.

You visited 1 branch of the dungeon, and saw 3 of its levels.

You collected 62 gold pieces.

Inventory:

Hand Weapons
 a - a +0 falchion (weapon)
Missiles
 i - 106 arrows (quivered)
Armour
 l - a +1 pair of gloves (worn)
 m - a +0 leather armour (worn)
Scrolls
 j - a scroll of blinking
 n - a scroll of identify
Potions
 b - a potion of might {unknown}
 d - a potion of ambrosia {unknown}
 e - 3 potions of flight
 g - a potion of haste {unknown}
 h - a potion of curing {unknown}
 k - a potion of agility {unknown}
Comestibles
 c - 3 bread rations
 f - a meat ration


   Skills:
 + Level 4.3 Fighting
 + Level 4.6 Long Blades
 + Level 3.2 Armour
 + Level 3.0 Dodging


You had 3 spell levels left.
You didn't know any spells.

Dungeon Overview and Level Annotations

Branches:
Dungeon (3/15)

Altars:


Innate Abilities, Weirdness & Mutations

You reflexively headbutt those who attack you in melee.
You have a pair of horns on your head.


Message History

The orc priest looks encouraged for a moment.
The adder closely misses you. You furiously retaliate!
You headbutt the adder.
You kill the adder!
Trog accepts your kill.
Your Dodging skill increases to level 3!
You barely miss the orc. The orc hits you but does no damage.
You slash the orc!
You kill the orc!
Trog accepts your kill.
You feel sick.
You barely miss something. You headbutt something.
Something hits you but does no damage. Something hits you.
You closely miss something.
The orc priest calls down the wrath of Beogh upon you.
Beogh smites you!
* * * LOW HITPOINT WARNING * * *
You hear some strange, mumbled words.
A puff of flame appears from out of thin air!
The puff of flame hits you!
You die...

.#. .... .. .... .
# #. ......
..##.#.###......
.....#.........#
...............
...!..gso......
..#####[##.#.##.
.#
#.#####@##.#.##.#.
..................
#######.##.#..#.#
#.##.#..#.#####.
####†#..........
#.#..#.......
##............
###.............
.........########


You could see an orc priest, a giant cockroach and a hobgoblin.

Vanquished Creatures
  2 adders
  3 dart slugs
  3 leopard geckos
  2 orcs (D:3)
  A ball python (D:2)
  A giant cockroach (D:1)
  3 goblins
  7 hobgoblins
  15 jackals
  4 bats
  5 frilled lizards
  A kobold (D:2)
  4 rats
51 creatures vanquished.

Notes
Turn   | Place    | Note
-------+----------+-------------------------------------------
     0 | D:1      | Faca the Minotaur Berserker began the quest for the Orb.
     0 | D:1      | Reached XP level 1. HP: 19/19 MP: 0/0
   226 | D:1      | Reached XP level 2. HP: 26/27 MP: 1/1
   590 | D:2      | Reached ** piety under Trog
   590 | D:2      | Reached XP level 3. HP: 32/33 MP: 2/2
  1427 | D:3      | Reached XP level 4. HP: 40/40 MP: 3/3
  1481 | D:3      | HP: 1/41 [orc priest/divine providence (13)]
  1481 | D:3      | Killed from afar by an orc wizard

Vault maps used:
D:1:      minmay_arrival_stone_box
D:3:      kennysheep_generic_room_9

Skill      XL: |  1  2  3  4 |
---------------+-------------+-----
Long Blades    | 4 |  4.6
Fighting       | 4 |  4.3
Armour         | 3 |  3.2
Dodging        | 3 |  3.0

Action                   |  1- 3 |  4- 6 || total
-------------------------+-------+-------++-------
Melee: Falchion          |    82 |    17 ||    99
       Headbutt          |    13 |     3 ||    16
  Use: Scroll            |     7 |       ||     7
 Stab: Sleeping          |     1 |       ||     1
  Eat: Meat ration       |     1 |       ||     1
Armor: Animal skin       |    24 |       ||    24
       Leather armour    |     5 |     6 ||    11
Dodge: Dodged            |    70 |    15 ||    85
       Rpst.: Falchion   |    13 |     4 ||    17
